 Dungeon Crawl Stone Soup version 0.27.1-33-g824d729ab1 (webtiles) character file.

Game seed: 5139557417708595533

7 potato4science the Magician (level 2, 0/19 HPs)
             Began as a Gnoll Wanderer on Dec 19, 2021.
             Was an Initiate of Gozag.
             Hit by a stone thrown by a kobold (2 damage)
             ... on level 1 of the Dungeon.
             The game lasted 00:06:06 (824 turns).

potato4science the Magician (Gnoll Wanderer)         Turns: 824, Time: 00:06:07

Health: 0/19       AC:  2    Str: 11    XL:     2   Next: 0%
Magic:  10/10      EV:  8    Int: 11    God:    Gozag
Gold:   17         SH:  7    Dex: 11    Spells: 14/15 levels left

rFire    . . .     SeeInvis .   a - +0 club
rCold    . . .     Faith    .   c - +0 kite shield
rNeg     . . .     Spirit   .   b - +0 robe
rPois    .         Reflect  .   (no helmet)
rElec    .         Harm     .   (no cloak)
rCorr    .         Rampage  .   (no gloves)
Will     .....                  (no boots)
Stlth    +.........             (no amulet)
HPRegen  0.06/turn              (no ring)
MPRegen  0.12/turn              (no ring)

@: no status effects
A: fangs 1, strong nose, distributed training
a: Renounce Religion, Potion Petition, Call Merchant, Bribe Branch


You were on level 1 of the Dungeon.
You worshipped Gozag.
Gozag was noncommittal.
You visited 1 branch of the dungeon, and saw 1 of its levels.

You collected 17 gold pieces.

Inventory:

Hand Weapons
 a - a +0 club (weapon)
Missiles
 d - 23 sling bullets
 e - 4 stones
Armour
 b - a +0 robe (worn)
 c - a +0 kite shield (worn)
Scrolls
 f - a scroll of summoning {unknown}
Potions
 g - a potion of heal wounds {unknown}


   Skills:
 + Level 0.2 Fighting
 + Level 0.2 Short Blades
 + Level 0.2 Long Blades
 + Level 0.2 Axes
 + Level 0.2 Maces & Flails
 + Level 0.2 Polearms
 + Level 0.2 Staves
 + Level 0.2 Slings
 + Level 0.2 Bows
 + Level 0.2 Crossbows
 + Level 0.2 Throwing
 + Level 0.2 Armour
 + Level 0.2 Dodging
 + Level 0.2 Stealth
 + Level 2.4 Shields
 + Level 0.2 Unarmed Combat
 + Level 7.1 Spellcasting
 + Level 0.1 Conjurations
 + Level 0.1 Hexes
 + Level 0.1 Summonings
 + Level 0.1 Necromancy
 + Level 0.1 Translocations
 + Level 0.1 Transmutations
 + Level 0.1 Fire Magic
 + Level 0.1 Ice Magic
 + Level 5.3 Air Magic
 + Level 2.0 Earth Magic
 + Level 2.0 Poison Magic
 + Level 0.3 Invocations
 + Level 2.4 Evocations


You had 14 spell levels left.
You knew the following spells:

 Your Spells              Type           Power      Damage    Failure   Level
a - Sting                 Tmut/Pois      24%        1d4       50%         1

Your spell library contained the following spells:

 Spells                   Type           Power      Damage    Failure   Level
 Mephitic Cloud           Conj/Pois/Air  9%         N/A       67%         3
 Ensorcelled Hibernation  Hex/Ice        8%         N/A       77%         2
 Spider Form              Tmut/Pois      3%         N/A       86%         3
 Dazzling Flash           Conj/Hex       8%         N/A       94%         3
 Agony                    Necr           4%         N/A       100%        5
 Silence                  Hex/Air        4%         N/A       100%        5
 Shadow Creatures         Summ           N/A        N/A       100%        6


Dungeon Overview and Level Annotations

Branches:
Dungeon (1/15)

Altars:
Gozag


Innate Abilities, Weirdness & Mutations

You have very sharp teeth.
Your uncanny sense of smell can sniff out nearby items.
Your experience applies equally to all skills.


Message History

You start resting.
Magic restored.
You start resting.
HP restored.
You now have 17 gold pieces (gained 5).
Found 19 stones.
A kobold comes into view. It is wielding a +0 short sword.
The kobold shouts!
The kobold throws a stone.
You block the stone.
You start waiting.
A kobold is nearby!
Aiming: Sting (safe; 50% risk of failure)
Press: ? - help, Q - select action, (/) - cycle Shift-Dir - straight line, f - kobold
Aim: a kobold, wielding a +0 short sword and quivering stones (60% to hit)
You miscast Sting.
You are very lightly contaminated with residual magic.
Nothing appears to happen.
You closely miss the kobold.
The kobold hits you with a +0 short sword. x2
Your shield prevents you from hitting the kobold.
You block the kobold's attack.
You hit the kobold.
The kobold is moderately wounded.
The kobold hits you with a +0 short sword. x2
* * * LOW HITPOINT WARNING * * *
You closely miss the kobold.
The kobold is moderately wounded.
The kobold completely misses you.
Your magical contamination has completely faded away.
You closely miss the kobold.
The kobold is moderately wounded.
The kobold completely misses you. You block the kobold's attack.
You barely miss the kobold.
The kobold is moderately wounded.
The kobold hits you with a +0 short sword.
* * * LOW HITPOINT WARNING * * *
You block the kobold's attack. You block the kobold's attack.
The kobold throws a stone.
The stone hits you.
You die...
Your body crumbles into a pile of gold.

##### #..##.#
....### #####.#
###..K########
#.## #
###........#
#..## #
########.####..#
# #..####.#
##.K###.#
##...#.# ###@..#
#####


You could see a kobold.

Vanquished Creatures
  2 bats (D:1)
  A giant cockroach (D:1)
  2 ball pythons (D:1)
  A frilled lizard (D:1)
  2 rats (D:1)
8 creatures vanquished.

Notes
Turn   | Place    | Note
-------+----------+-------------------------------------------
     0 | D:1      | potato4science the Gnoll Wanderer began the quest for the
                  | Orb.
     0 | D:1      | potato4science set off with the following items: a +0 club,
                  | a +0 robe, a +0 kite shield; and the following spell
                  | memorised: Sting; and the following spells available to
                  | memorise: Mephitic Cloud
     0 | D:1      | Reached XP level 1. HP: 13/13 MP: 8/8
   660 | D:1      | Found a faded altar of an unknown god.
   685 | D:1      | Became a worshipper of Gozag Ym Sagoz the Greedy
   767 | D:1      | Reached XP level 2. HP: 18/19 MP: 8/10
   824 | D:1      | Hit by a stone thrown by a kobold

Illustrated notes

Levels and vault maps discovered:
D:1:      psy_arrival_statuary, layout_rooms,
          ebering_ecumenical_altar_abandoned, serial_shops,
          nicolae_shop_statue_plus, minmay_domino_2

Skill      XL: |  1 |
---------------+----+-----
Earth Magic    | 2 |  2.0
Poison Magic   | 2 |  2.0
Fighting       | |  0.2
Short Blades   | |  0.2
Long Blades    | |  0.2
Axes           | |  0.2
Maces & Flails | |  0.2
Polearms       | |  0.2
Staves         | |  0.2
Slings         | |  0.2
Bows           | |  0.2
Crossbows      | |  0.2
Throwing       | |  0.2
Armour         | |  0.2
Dodging        | |  0.2
Stealth        | |  0.2
Shields        | |  2.4
Unarmed Combat | |  0.2
Spellcasting   | |  7.1
Conjurations   | |  0.1
Hexes          | |  0.1
Summonings     | |  0.1
Necromancy     | |  0.1
Translocations | |  0.1
Transmutations | |  0.1
Fire Magic     | |  0.1
Ice Magic      | |  0.1
Air Magic      | |  5.3
Invocations    | |  0.3
Evocations     | |  2.4

Action                   || total
-------------------------++-------
Melee: Club              ||    35
 Cast: Sting             ||     4
Armor: Robe              ||     7
Dodge: Dodged            ||     8
Block: Kite shield       ||    18
